 Dungeon Crawl Stone Soup version 0.31.0-11-ge490571c62 (webtiles) character file.

Game seed: 9480048016304860087

85652 dialectric the Warrior (level 15, -7/225 HPs)
             Began as a Minotaur Fighter on Feb 4, 2024.
             Was a Priest of Jiyva.
             Mangled by Norris
             ... wielding a +2 demon trident of freezing
              (21 damage)
             ... on level 1 of the Elven Halls.
             The game lasted 00:34:21 (21405 turns).

dialectric the Warrior (Minotaur Fighter)          Turns: 21405, Time: 00:34:21

Health: -7/225     AC: 24    Str: 39    XL:     15   Next: 38%
Magic:  13/14      EV: 19    Int:  2    God:    Jiyva [***...]
Gold:   2440       SH:  0    Dex: 10    Spells: 14/14 levels left

rFire   + . .        Q - +11 flail of Midnight {spect, Str+4 SInv}
rCold   . . .        (no shield)
rNeg    . . .        N - +4 ring mail of the Storm King {Rampage Str+3 Int-5}
rPois   .            Z - +2 hat
rElec   .            D - +2 cloak
rCorr   +            E - +0 pair of gloves
SInv    +            b - +0 pair of boots
Will    +....        i - amulet of reflection Stlth
                     p - +5 ring of evasion
HPRegen 1.69/turn    B - +6 ring of strength
MPRegen 0.70/turn

%: reflection, rampage
@: confused, berserking, slow
A: horns 2, retaliatory headbutt, iridescent scales 1, fire resistance 1,
eyeballs 3, MP-powered wands
a: Renounce Religion, Oozemancy


You were on level 1 of the Elven Halls.
You worshipped Jiyva.
Jiyva was most pleased with you.
You visited 4 branches of the dungeon, and saw 21 of its levels.
You also visited: Bailey.

You collected 2521 gold pieces.
You spent 81 gold pieces at shops.

Inventory:

Hand Weapons
 s - the +11 mace "Fullouwi" {holy, rElec MP+9}
   (You found it on level 12 of the Dungeon)

   rElec:     It insulates you from electricity.
   MP+9:      It affects your magic capacity (+9).
 A - a +0 demon whip of venom
 Q - the +11 flail of Midnight (weapon) {spect, Str+4 SInv}
   (You acquired it on level 5 of the Lair of Beasts)

   Str+4:     It affects your strength (+4).
   SInv:      It lets you see invisible.
 T - a +2 morningstar of protection
Missiles
 C - 6 silver javelins
 L - 7 curare-tipped darts (quivered)
 M - 2 throwing nets
Armour
 b - a +0 pair of boots (worn)
 r - a +0 kite shield
 u - a +4 ring mail of cold resistance
 D - a +2 cloak (worn)
 E - a +0 pair of gloves (worn)
 N - the +4 ring mail of the Storm King (worn) {Rampage Str+3 Int-5}
   (You found it on level 8 of the Dungeon)

   Str+3:     It affects your strength (+3).
   Int-5:     It affects your intelligence (-5).
   Rampage:   It bestows one free step when moving towards enemies.
 O - a +2 chain mail of positive energy
 Z - a +2 hat (worn)
Jewellery
 i - an amulet of reflection (around neck)
 p - a +5 ring of evasion (left hand)
 w - a +6 ring of dexterity
 B - a +6 ring of strength (right hand)
 Y - a ring of protection from cold
Wands
 a - a wand of quicksilver (8)
 n - a wand of mindburst (18)
 t - a wand of charming (29)
 K - a wand of flame (7)
 P - a wand of iceblast (23)
Scrolls
 k - 6 scrolls of vulnerability
 m - 2 scrolls of enchant armour
 o - a scroll of blinking
 q - 3 scrolls of noise
 y - 9 scrolls of teleportation
 z - a scroll of brand weapon
 F - a scroll of summoning
 G - a scroll of poison
 H - 2 scrolls of fog
 X - 4 scrolls of torment
Potions
 c - a potion of ambrosia
 d - 3 potions of enlightenment
 e - 3 potions of attraction
 f - 2 potions of invisibility
 h - 5 potions of curing
 j - 2 potions of mutation
 l - 5 potions of resistance
 v - 4 potions of lignification
 x - 2 potions of brilliance
 I - a potion of magic
Miscellaneous
 R - a tin of tremorstones (2/2)
 S - a phial of floods
 U - a lightning rod (4/4)
 V - a phantom mirror
 W - a sack of spiders


   Skills:
 + Level 18.4 Fighting
 - Level 16.1 Maces & Flails
 - Level 1.2 Throwing
 + Level 16.8 Armour
 + Level 8.4 Dodging
 * Level 12.7 Shields
 + Level 2.7 Evocations


You had 14 spell levels left.
You didn't know any spells.
Your spell library contained the following spells:

 Spells                   Type           Power      Damage    Failure   Level
 Shock                    Conj/Air       0%         1d3       61%         1
 Sting                    Conj/Alch      0%         1d3       61%         1
 Lesser Beckoning         Tloc           0%         N/A       75%         2
 Static Discharge         Conj/Air       0%         3-3/arc   75%         2
 Sublimation of Blood     Necr           0%         N/A       75%         2
 Gell's Gravitas          Tloc           0%         N/A       93%         3
 Summon Ice Beast         Ice/Summ       0%         N/A       93%         3
 Swiftness                Air            0%         N/A       93%         3
 Teleport Other           Tloc           0%         N/A       93%         3
 Airstrike                Air            0%         2d(0-16)  100%        4
 Animate Dead             Necr           0%         N/A       100%        4
 Brom's Barrelling Bould  Conj/Erth      0%         2d3       100%        4
 Cause Fear               Hex            0%         N/A       100%        4
 Petrify                  Alch/Erth      0%         N/A       100%        4
 Summon Lightning Spire   Summ/Air       0%         N/A       100%        4
 Fireball                 Conj/Fire      0%         3d3       100%        5
 Irradiate                Conj/Alch      0%         3d11      100%        5
 Iskenderun's Battlesphe  Conj           0%         2d6       100%        5
 Summon Forest            Summ/Tloc      0%         N/A       100%        5
 Summon Mana Viper        Hex/Summ       0%         N/A       100%        5
 Conjure Ball Lightning   Conj/Air       0%         3x3d6     100%        6
 Haunt                    Necr/Summ      0%         N/A       100%        7
 Monstrous Menagerie      Summ           0%         N/A       100%        7
 Orb of Destruction       Conj           0%         9d5       100%        7
 Infestation              Necr           0%         N/A       100%        8
 Dragon's Call            Summ           0%         N/A       100%        9


Dungeon Overview and Level Annotations

Branches:
Dungeon (13/15)            Temple (0/1) D:6            Lair (5/5) D:9
 Shoals (0/4) Lair:2       Spider (0/4) Lair:3        Slime (0/5) Lair:5
    Orc (2/2) D:11            Elf (1/3) Orc:2        Bailey (visited)
 Vaults: D:13-14

Altars:
Elyvilon
Kikubaaqudgha
Makhleb
Nemelex Xobeh
Jiyva
Lugonu

Shops:
D:12 ?   Orc:2 (:[?

Portals:
Abyss: D:11

Annotations:
D:7 Jeremiah
Elf:1 Norris


Innate Abilities, Weirdness & Mutations

You have a pair of horns on your head.
You reflexively headbutt those who attack you in melee.
You are partially covered in iridescent scales. (AC +2)
Your flesh is heat resistant. (rF+)
Your body is covered in eyes which may confuse attackers. (Acc +7, SInv)
You expend magic power (3 MP) to strengthen your wands.


Message History

Unknown command.
You bump into the rock wall.
Norris hits you with a +2 demon trident of freezing!
* * * LOW HITPOINT WARNING * * *
You are afflicted by dizzying energies!
You are more confused.
Norris freezes you!
* * * LOW HITPOINT WARNING * * *
You pound Norris like an anvil!!!
Norris is severely wounded.
Unknown command.
You feel much better. Norris misses you.
Unknown command.
A red film seems to cover your vision as you go berserk!
You feel yourself moving faster!
You feel mighty!
Norris mumbles some strange prayers to his god against you.
Something gnaws on your mind!
* * * LOW HITPOINT WARNING * * *
You feel your power leaking away.
You bludgeon Norris!! Your headbutt misses Norris.
Norris is almost dead.
Norris hits you with a +2 demon trident of freezing!
* * * LOW HITPOINT WARNING * * *
You are afflicted by dizzying energies!
You are more confused.
Norris freezes you.
* * * LOW HITPOINT WARNING * * *
You bump into the rock wall.
Norris hits you with a +2 demon trident of freezing!
* * * LOW HITPOINT WARNING * * *
Norris freezes you!
* * * LOW HITPOINT WARNING * * *
You thump Norris!
Norris is almost dead.
Unknown command.
You bump into the rock wall.
Norris says, "Breathe deeply."
Norris hits you with a +2 demon trident of freezing!!
You die...
Norris says, "Enjoy eternity."

########################
........................
.....)..................
################.#######
...............#.#
...............#@#
.##########'#..#@#
.#..........#..eF#
.#..........#..#e#
.#..........#..#.#
.#.........^#..#.#
.###'########..#e#
...............#.#
...............#.#


You could see Norris, a skyshark, a deep elf knight (fast) and 2 deep elf
pyromancers.

Vanquished Creatures
  Rupert (Lair:4)
  A tentacled starspawn (Lair:2)
  A deep elf elementalist (Elf:1)
  Josephine (Orc:1)
  4 hydras
  A rakshasa (D:12)
  A catoblepas (D:9)
  4 two-headed ogres
  2 boulder beetles
  A tengu warrior (D:9)
  11 death yaks
  2 orc high priests
  Sonja (Lair:3)
  2 deep elf knights (Elf:1)
  Amaemon (Lair:3)
  4 skysharks
  A goliath frog (Lair:5)
  A deep elf archer (Elf:1)
  2 lindwurms (Lair:4)
  4 deep elf pyromancers (Elf:1)
  3 deep elf zephyrmancers (Elf:1)
  4 ugly things (D:11)
  An orc sorcerer (Elf:1)
  2 cyclopes (D:9)
  16 elephants
  3 meliai (Lair:4)
  6 kobold blastminers (Orc:2)
  5 black mambas
  A water nymph (Lair:2)
  2 rime drakes
  19 cane toads
  2 torpor snails
  2 unseen horrors
  An orange demon (Lair:3)
  4 kobold demonologists
  7 komodo dragons
  An efreet (D:12)
  A queen bee (Lair:4)
  3 trolls
  Grinder (D:6)
  A polar bear (Lair:3)
  A tyrant leech (Lair:5)
  21 blink frogs
  A hornet (D:9)
  12 dream sheep
  A slime creature (D:9)
  A shadow (D:11)
  Sigmund (D:3)
  8 wraiths
  A vampire (D:11)
  2 basilisks
  3 fire elementals (Elf:1)
  45 yaks
  4 steam dragons
  Grum (D:11)
  5 vampire mosquitoes
  6 wyverns
  A human (Lair:2)
  18 water moccasins
  5 acid dragons
  An ice beast (D:6)
  39 orc warriors
  2 sky beasts
  A laughing skull (D:9)
  2 black bears
  5 ogres
  14 wolves
  14 centaurs
  2 lemures
  A phantom (D:5)
  12 kobold brigands
  17 bullfrogs
  2 scorpions
  2 gnoll sergeants
  9 wights
  39 killer bees
  A vampire bat (D:12)
  2 electric eels (Lair:5)
  A howler monkey (D:9)
  A hound (D:5)
  7 orc priests
  3 jellies
  Jessica (D:3)
  2 iguanas (D:6)
  Ijyb (D:3)
  18 orc wizards
  4 hell rats (Lair:3)
  6 gnolls
  5 adders
  A river rat (Lair:4)
  2 shadow imps
  2 white imps
  4 ufetubi
  3 dart slugs
  4 ribbon worms
  61 orcs
  2 bat skeletons (D:12)
  2 bat zombies (D:12)
  7 endoplasms
  A giant cockroach (D:1)
  4 goblins
  5 hobgoblins
  7 jackals
  25 kobolds
  5 quokkas
  3 ball pythons
  3 frilled lizards
623 creatures vanquished.

Vanquished Creatures (collateral kills)
  An orc knight (Bailey)
  An orc warrior (Bailey)
  A kobold brigand (Bailey)
3 creatures vanquished.

Vanquished Creatures (others)
  An orc knight (Bailey)
  A kobold blastminer (Orc:2)
  An orc warrior (Bailey)
  2 kobold brigands (Bailey)
  16 jellies
  5 orcs
  A spectral weapon (Lair:5)
  2 starspawn tentacles (Lair:2)
29 creatures vanquished.

Grand Total: 655 creatures vanquished

Notes
Turn   | Place    | Note
-------+----------+-------------------------------------------
     0 | D:1      | dialectric the Minotaur Fighter began the quest for the
                  | Orb.
     0 | D:1      | Reached XP level 1. HP: 19/19 MP: 0/0
   201 | D:1      | Reached XP level 2. HP: 24/27 MP: 1/1
   381 | D:1      | Reached skill level 4 in Fighting
   868 | D:2      | Reached XP level 3. HP: 29/33 MP: 2/2
  1630 | D:3      | Reached skill level 1 in Dodging
  1630 | D:3      | Reached XP level 4. HP: 40/40 MP: 3/3
  1631 | D:3      | Noticed Sigmund
  1638 | D:3      | Killed Sigmund
  1639 | D:3      | Reached skill level 5 in Maces & Flails
  1639 | D:3      | Reached XP level 5. HP: 47/47 MP: 4/4
  1766 | D:3      | Noticed Jessica
  1771 | D:3      | Killed Jessica
  1774 | D:3      | Reached XP level 6. HP: 39/53 MP: 5/5
  1858 | D:3      | Noticed Ijyb
  1868 | D:3      | Killed Ijyb
  3092 | D:5      | Entered Level 5 of the Dungeon
  3154 | D:5      | Reached XP level 7. HP: 59/60 MP: 6/6
  3271 | D:4      | Reached skill level 5 in Armour
  3512 | D:5      | Reached skill level 5 in Fighting
  3992 | D:6      | Found a staircase to the Ecumenical Temple.
  4356 | D:6      | Reached XP level 8. HP: 66/68 MP: 7/7
  4635 | D:6      | Reached skill level 10 in Maces & Flails
  4695 | D:6      | Noticed Grinder
  4707 | D:6      | Paralysed by Grinder for 5 turns
  4713 | D:6      | Killed Grinder
  5321 | D:7      | Reached skill level 6 in Fighting
  5321 | D:7      | Identified the +1 leather armour of Valour {-Tele rF+++
                  | Will+ Dex-5 Stlth+}
  5324 | D:7      | Noticed Jeremiah
  5431 | D:8      | Reached XP level 9. HP: 58/75 MP: 8/8
  5561 | D:8      | Found a flagged portal.
  5572 | Bailey   | Entered a bailey
  5669 | Bailey   | Noticed an orc knight
  5672 | Bailey   | Noticed an orc knight
  5711 | Bailey   | Killed an orc knight
  5715 | Bailey   | Reached skill level 7 in Fighting
  5905 | Bailey   | Found a burning altar of Makhleb.
  6141 | D:8      | Identified the +4 ring mail of the Storm King {Rampage
                  | Str+3 Int-5}
  6191 | D:8      | Reached skill level 1 in Evocations
  6729 | D:9      | Found a staircase to the Lair.
  6895 | D:9      | Reached XP level 10. HP: 86/86 MP: 9/9
  7060 | D:9      | Reached skill level 8 in Fighting
  7113 | D:9      | Noticed a boulder beetle
  7130 | D:9      | Killed a boulder beetle
  7131 | D:9      | Reached skill level 1 in Throwing
  7409 | D:9      | Noticed a two-headed ogre
  7417 | D:9      | Killed a two-headed ogre
  7585 | D:9      | Reached skill level 15 in Maces & Flails
  7588 | D:9      | Reached skill level 9 in Fighting
  7809 | D:9      | Noticed a two-headed ogre
  7814 | D:9      | Killed a two-headed ogre
  7815 | D:9      | Reached skill level 5 in Dodging
  7817 | D:9      | Noticed a catoblepas
  7819 | D:9      | Noticed a cyclops
  7842 | D:9      | Killed a cyclops
  7843 | D:9      | Reached XP level 11. HP: 96/97 MP: 10/10
  7901 | D:9      | Noticed a six-headed hydra
  7907 | D:9      | Killed a six-headed hydra
  8308 | D:9      | Killed a catoblepas
  8309 | D:9      | Reached skill level 10 in Fighting
  8328 | D:9      | Noticed a tengu warrior
  8354 | D:9      | Killed a tengu warrior
  8355 | D:9      | Reached skill level 10 in Armour
  8625 | D:9      | Noticed a two-headed ogre
  8632 | D:9      | Killed a two-headed ogre
  8647 | D:9      | Found a burning altar of Makhleb.
  8786 | D:9      | Gained mutation: You occasionally lose the ability to drink
                  | potions when taking damage. [potion of mutation]
  8786 | D:9      | Gained mutation: You have hidden genetic potential. [potion
                  | of mutation]
  8786 | D:9      | Lost mutation: You occasionally lose the ability to drink
                  | potions when taking damage. [potion of mutation]
  8795 | D:10     | Entered Level 10 of the Dungeon
  8990 | D:10     | Found a white marble altar of Elyvilon.
  9008 | D:10     | Found a sparkling altar of Nemelex Xobeh.
  9295 | D:10     | Got the Atlas of the Forest
  9922 | D:11     | Found a one-way gate to the infinite horrors of the Abyss.
  9922 | D:11     | Identified the +3 dagger "Juxo" {distort, Dex+4}
  9922 | D:11     | Identified the +1 robe of Dogmatism {Int+3}
 10002 | D:11     | Found a staircase to the Orcish Mines.
 10444 | D:11     | Reached skill level 11 in Fighting
 10498 | D:11     | Noticed a boulder beetle
 10506 | D:11     | Killed a boulder beetle
 10609 | D:11     | Noticed a two-headed ogre
 10610 | D:11     | Noticed Grum
 10626 | D:11     | Killed a two-headed ogre
 10632 | D:11     | Killed Grum
 10756 | D:11     | Found a large runed translucent door.
 10756 | D:11     | Found a large runed translucent door.
 10940 | D:11     | Found a corrupted altar of Lugonu.
 10941 | D:11     | Noticed a brown ugly thing
 10941 | D:11     | Noticed a red ugly thing
 10941 | D:11     | Noticed a brown ugly thing
 10942 | D:11     | Noticed a red ugly thing
 11275 | Lair:1   | Entered Level 1 of the Lair of Beasts
 11282 | Lair:1   | Reached XP level 12. HP: 110/110 MP: 11/11
 11398 | Lair:1   | Reached skill level 12 in Fighting
 11486 | Lair:1   | Gained mutation: You are partially covered in iridescent
                  | scales. (AC +2) [hidden potential]
 12160 | Lair:1   | Reached skill level 5 in Shields
 12631 | D:12     | Reached skill level 13 in Fighting
 13046 | D:12     | Identified the +11 mace "Fullouwi" {holy, rElec MP+9}
 13221 | D:12     | Found an ancient bone altar of Kikubaaqudgha.
 13331 | D:12     | Found Soilae Kaha's Magic Scroll Shoppe.
 13339 | D:12     | Bought a scroll of teleportation for 45 gold pieces
 13386 | D:13     | Noticed a rakshasa
 13391 | D:12     | Killed a rakshasa
 13777 | Lair:2   | Reached skill level 14 in Fighting
 13930 | Lair:2   | Reached XP level 13. HP: 84/124 MP: 12/12
 14331 | Lair:2   | Found a staircase to the Shoals.
 14537 | Lair:2   | Identified the +8 tower shield "Monot" {^Drain rPois Str+6}
 14659 | Lair:2   | Found a runed translucent door.
 14659 | Lair:2   | Noticed a tentacled starspawn
 14672 | Lair:2   | Killed a tentacled starspawn
 15058 | Lair:3   | Gained mutation: Your flesh is heat resistant. (rF+)
                  | [hidden potential]
 15058 | Lair:3   | Lost mutation: You have hidden genetic potential. [hidden
                  | potential expressed]
 15281 | Lair:3   | Noticed Sonja
 15307 | Lair:3   | Found a hole to the Spider Nest.
 15332 | Lair:3   | Killed Sonja
 15593 | Lair:3   | Reached skill level 15 in Fighting
 15637 | Lair:3   | Noticed Amaemon
 16176 | Lair:3   | Killed Amaemon
 16652 | Lair:5   | Entered Level 5 of the Lair of Beasts
 17054 | Lair:5   | Reached skill level 15 in Armour
 17134 | Lair:5   | Identified a scroll of acquirement
 17137 | Lair:5   | Acquired the +11 flail of Midnight {spect, Str+4 SInv}
 17364 | Lair:4   | Reached XP level 14. HP: 106/136 MP: 13/13
 17385 | Lair:4   | Reached skill level 16 in Fighting
 17773 | Lair:5   | Found a staircase to the Slime Pits.
 17773 | Lair:5   | Found a viscous altar of Jiyva.
 17787 | Lair:5   | Identified the +3 leather armour of Utiodgh {Str+4}
 17800 | Lair:5   | Became a worshipper of Jiyva Juog the Shapeless
 18299 | Lair:5   | Reached skill level 10 in Shields
 18468 | Lair:5   | Reached skill level 17 in Fighting
 18881 | Lair:4   | Noticed Rupert
 18894 | Lair:4   | Killed Rupert
 19445 | Lair:4   | Reached * piety under Jiyva
 20182 | Orc:1    | Entered Level 1 of the Orcish Mines
 20361 | Orc:2    | Entered Level 2 of the Orcish Mines
 20361 | Orc:2    | Noticed Josephine
 20361 | Orc:2    | Found a staircase to the Elven Halls.
 20378 | Orc:1    | Reached XP level 15. HP: 142/149 MP: 14/14
 20384 | Orc:1    | Killed Josephine
 20511 | Orc:2    | Reached skill level 18 in Fighting
 20525 | Orc:2    | Reached ** piety under Jiyva
 20535 | Orc:2    | Found Utubbeabo's Armour Shoppe.
 20535 | Orc:2    | Found Tyrib's Book Shop.
 20549 | Orc:2    | Found Dophes's Magic Scroll Emporium.
 20553 | Orc:2    | Found Arib's Weapon Boutique.
 20560 | Orc:2    | Bought a scroll of teleportation for 36 gold pieces
 21087 | Elf:1    | Entered Level 1 of the Elven Halls
 21151 | Elf:1    | Reached *** piety under Jiyva
 21276 | Elf:1    | Gained mutation: Your body has grown eyes which may confuse
                  | attackers. (Acc +3) [Jiyva's grace]
 21276 | Elf:1    | Gained mutation: Your body has grown many eyes which may
                  | confuse attackers. (Acc +5) [Jiyva's grace]
 21276 | Elf:1    | Gained mutation: Your body is covered in eyes which may
                  | confuse attackers. (Acc +7, SInv) [Jiyva's grace]
 21276 | Elf:1    | Gained mutation: You expend magic power (3 MP) to
                  | strengthen your wands. [Jiyva's grace]
 21341 | Elf:1    | Noticed Norris
 21405 | Elf:1    | Mangled by Norris

Illustrated notes

Levels and vault maps discovered:
D:1:      dpeg_arrival_arbitrary_c, layout_basic, kennysheep_flooded_box,
          minmay_misc_feat_rugged, dreamdust_princess_corridor
D:2:      layout_loops_corners, grunt_decor_junction
D:3:      layout_loops_ring, uniq_ijyb, uniq_jessica, uniq_sigmund
D:4:      layout_gridville, serial_forest, infiniplex_forest_zigzag_2,
          infiniplex_forest_clump_double, infiniplex_forest_lined_room_2,
          infiniplex_forest_join, minmay_small_thing
D:5:      layout_loops_ring
D:6:      layout_layer_cave, minmay_temple_entry_grid, uniq_grinder
D:7:      layout_layer_cave, kennysheep_little_box, dreamdust_wishing_well,
          uniq_jeremiah, uniq_maggie, uniq_pikel, uniq_joseph
D:8:      layout_basic, enter_bailey_8
D:9:      minmay_the_grid_octo_tiled_squarecenter
          [minmay_the_grid_octo_fat_diamond, minmay_the_grid_octo_empty,
          minmay_the_grid_octo_thin_diamonds, minmay_the_grid_octo_fan_narrow,
          minmay_the_grid_square_5x5_megaprize_diamond,
          minmay_the_grid_square_5x5_minivault,
          minmay_the_grid_square_5x5_shrine1, minmay_the_grid_square_5x5_v,
          minmay_the_grid_square_5x5_corner], layout_long_grid,
          mainiacjoe_overflow_alcove_4, lair_entry_dummy
D:10:     layout_stronghold, mainiacjoe_overflow_catwalk_spiral
D:11:     due_chaos_kobolds, layout_stronghold, david_orc_4, uniq_grum
D:12:     layout_stronghold, serial_shops, shop, kennysheep_vampire_church
D:13:     layout_gridville, grunt_vaults_entry_tiered
Lair:1:   layout_cave_pods, beast_lair_carwin_1, lemuel_fruit_fields
Lair:2:   layout_roguey, nicolae_shoals_entry_flooding,
          pdpol_lair_cabin_in_the_woods, grunt_megastairs_4
Lair:3:   layout_regular_city, spider_nest_entry_web_field,
          grunt_forest_large_clearings, grunt_megastairs_5, lemuel_fruit_fields,
          uniq_sonja, uniq_amaemon
Lair:4:   regret_index_combs_of_tragedy, layout_layer_cave, lemuel_fruit_fields,
          uniq_rupert
Lair:5:   minmay_lair_end_frog_pond, layout_small_grid,
          nicolae_slime_entry_field_trip, lemuel_fruit_fields
Orc:1:    layout_caves
Orc:2:    st_orc_rangers, layout_caves, nicolae_orc_crystal_seam, uniq_josephine
Elf:1:    nicolae_elf_arrival_no_cutting_in_line, layout_onion_city,
          nicolae_elf_blasts_and_bolts, uniq_norris

Skill      XL: |  1  2  3  4  5  6  7  8  9 10 11 12 13 14 15 |
---------------+----------------------------------------------+-----
Armour         | 4 5 6 7 8 11 13 15 16 | 16.8
Fighting       | 4 5 6 7 9 11 14 15 17 18 | 18.4
Shields        | 4 6 8 11 12 | 12.7
Maces & Flails | 3 5 7 9 11 13 15 16 | 16.1
Dodging        | 1 2 3 5 6 8 |  8.4
Evocations     | 1 2 |  2.7
Throwing       | 1 |  1.2

Action                     |  1- 3 |  4- 6 |  7- 9 | 10-12 | 13-15 || total
---------------------------+-------+-------+-------+-------+-------++-------
  Melee: Flail             |    73 |    65 |       |       |   429 ||   567
         Headbutt          |     9 |     9 |    45 |   116 |   150 ||   329
         Punch             |     1 |     1 |     3 |     7 |     9 ||    21
         Mace              |       |    34 |   261 |   265 |   185 ||   745
         Morningstar       |       |       |       |   255 |       ||   255
         Demon whip        |       |       |       |       |   102 ||   102
  Throw: Dart              |       |       |     4 |    16 |     5 ||    25
  Evoke: Wand              |       |       |     7 |       |       ||     7
         Tin of tremorston |       |       |       |     1 |       ||     1
         Phial of floods   |       |       |       |       |     1 ||     1
    Use: Potion            |       |     3 |       |     3 |     2 ||     8
         Scroll            |       |       |     8 |    11 |    13 ||    32
   Stab: Distracted        |       |       |       |       |     4 ||     4
 Armour: Scale mail        |    49 |     7 |       |       |       ||    56
         Ring mail         |       |    23 |   100 |       |   117 ||   240
         Chain mail        |       |       |    23 |   336 |   407 ||   766
  Dodge: Dodged            |    23 |    64 |   189 |   312 |   644 ||  1232
  Block: Other             |     3 |    17 |    66 |    92 |   144 ||   322
         Reflection        |       |     1 |    12 |     1 |    26 ||    40
